[Event "FIDE Women World Rapid 2024"]
[Site "New York"]
[Date "2024.12.27"]
[Round "8.20"]
[White "Shuvalova, Polina"]
[Black "Kairbekova, Amina"]
[Result "0-1"]
[ECO "B30"]
[WhiteElo "2504"]
[BlackElo "2309"]
[Annotator "ChessBase"]
[PlyCount "148"]
[EventDate "2024.12.14"]
[EventType "swiss"]
[EventCountry "USA"]
[SourceTitle "playchess.com"]
[Source "ChessBase"]
[SourceQuality "1"]
[TimeControl "900+10"]

1. e4 c5 2. Nf3 Nc6 3. Bb5 e6 4. Bxc6 bxc6 5. b3 Ne7 6. Bb2 d6 7. e5 Nf5 8. d3 f6 9. exd6 Bxd6 10. Nbd2 e5 11. Ne4 Be7 12. O-O O-O 13. a4 Nd4 14. h3 Ne6 15. Ba3 Qe8 16. Kh2 Qh5 17. Nfd2 Qg6 18. Nc4 f5 19. Nxe5 Qh6 20. Ng3 f4 21. Ne4 Nd4 22. f3 Qh5 23. Ng4 Bxg4 24. fxg4 Qe5 25. Bb2 f3+ 26. g3 Rf7 27. Bxd4 Qxd4 28. Qd2 Raf8 29. Rae1 Qd5 30. Qc3 h5 31. gxh5 Qxh5 32. Qc4 Kh8 33. Rf2 Qe5 34. Qc3 Qd5 35. Ref1 Rf5 36. Qc4 Qe5 37. Nd2 Bd6 38. Rg1 Rh5 39. Qe4 Qc3 40. Nxf3 Qf6 41. Rgg2 Qh6 42. Qg4 Rf6 43. h4 Rxf3 44. Kh3 Rxf2 45. Rxf2 Re5 46. Rf7 Qe6 47. Qxe6 Rxe6 48. Rxa7 Re3 49. Kg4 Kh7 50. Rd7 Be5 51. Kf5 Bc3 52. g4 Rf3+ 53. Ke6 Rf6+ 54. Ke7 Rf4 55. Kd6 Rxg4 56. Kxc5 Rxh4 57. d4 Rh2 58. Kxc6 Rxc2 59. Kb5 Ra2 60. d5 Kg6 61. Rc7 Be5 62. Rc4 Ra3 63. b4 Kf5 64. a5 g5 65. Kc6 g4 66. Rc2 g3 67. Rg2 Ke4 68. d6 Rc3+ 69. Kb6 Bxd6 70. b5 Kf3 71. Rxg3+ Bxg3 72. a6 Bf2+ 73. Kb7 Rb3 74. a7 Bxa7 0-1

[Event "FIDE Women World Rapid 2024"]
[Site "New York"]
[Date "2024.12.27"]
[Round "8.20"]
[White "Foisor, Sabina-Francesca"]
[Black "Munkhzul, Davaakhuu"]
[Result "1-0"]
[ECO "D05"]
[WhiteElo "2222"]
[BlackElo "2138"]
[Annotator "ChessBase"]
[PlyCount "65"]
[EventDate "2024.12.14"]
[EventType "swiss"]
[EventCountry "USA"]
[SourceTitle "playchess.com"]
[Source "ChessBase"]
[SourceQuality "1"]
[TimeControl "900+10"]

1. d4 Nf6 2. Nf3 d5 3. e3 e6 4. b3 b6 5. Bb2 Bb7 6. Nbd2 Nbd7 7. Bd3 Bd6 8. Ne5 c5 9. O-O Qc7 10. f4 O-O 11. Nxd7 Nxd7 12. Nf3 f5 13. Ng5 Rae8 14. dxc5 Bxc5 15. Re1 Qxf4 16. Qh5 Bxe3+ 17. Rxe3 Qxe3+ 18. Kh1 h6 19. Nf3 d4 20. Nxd4 Nf6 21. Qh4 Ng4 22. Rf1 Qd2 23. Nf3 Bxf3 24. gxf3 Nf6 25. Rg1 Kh7 26. Qg3 g5 27. Bc1 Qb4 28. Bxg5 hxg5 29. Qxg5 Rg8 30. Bxf5+ exf5 31. Qxf5+ Kh6 32. Qxf6+ Kh7 33. Qf5+ 1-0

[Event "FIDE Women World Rapid 2024"]
[Site "New York"]
[Date "2024.12.27"]
[Round "8.21"]
[White "Pourkashiyan, Atousa"]
[Black "Melekhina, Alisa"]
[Result "1-0"]
[ECO "C41"]
[WhiteElo "2255"]
[BlackElo "2176"]
[Annotator "ChessBase"]
[PlyCount "55"]
[EventDate "2024.12.14"]
[EventType "swiss"]
[EventCountry "USA"]
[SourceTitle "playchess.com"]
[Source "ChessBase"]
[SourceQuality "1"]
[TimeControl "900+10"]

1. e4 d6 2. d4 Nf6 3. Nc3 e5 4. Nf3 Nbd7 5. Bc4 Be7 6. O-O h6 7. a4 c6 8. a5 Qc7 9. Re1 g5 10. Be3 Rg8 11. Bf1 Nf8 12. d5 cxd5 13. Nxd5 Nxd5 14. Qxd5 Bd7 15. a6 Bc6 16. Bb5 Nd7 17. Qc4 Rc8 18. axb7 Bxb7 19. Qxc7 Rxc7 20. Rxa7 Kd8 21. Nd2 Kc8 22. c3 Kb8 23. Rea1 Rgc8 24. R7a2 d5 25. Ba7+ Ka8 26. Bc5+ Kb8 27. Bxe7 Nc5 28. Bd6 1-0

[Event "FIDE Women World Rapid 2024"]
[Site "New York"]
[Date "2024.12.27"]
[Round "8.21"]
[White "Paragua, Megan Althea"]
[Black "Song, Yuxin"]
[Result "1/2-1/2"]
[ECO "B30"]
[WhiteElo "2185"]
[BlackElo "2384"]
[Annotator "ChessBase"]
[PlyCount "135"]
[EventDate "2024.12.14"]
[EventType "swiss"]
[EventCountry "USA"]
[SourceTitle "playchess.com"]
[Source "ChessBase"]
[SourceQuality "1"]
[TimeControl "900+10"]

1. e4 c5 2. Nf3 e6 3. Nc3 Nc6 4. Bb5 Nd4 5. Nxd4 cxd4 6. Ne2 a6 7. Bd3 Bc5 8. O-O b5 9. c3 dxc3 10. dxc3 Bb7 11. a4 bxa4 12. Rxa4 Ne7 13. Ng3 Ng6 14. Qe2 a5 15. Be3 Bxe3 16. Qxe3 Bc6 17. Ra2 O-O 18. Rfa1 Qc7 19. Ne2 f5 20. exf5 exf5 21. Nd4 Bd5 22. c4 Rae8 23. Qd2 Ba8 24. Rxa5 Ne5 25. Bf1 Ng4 26. f4 Ne3 27. Re1 Nxc4 28. Bxc4+ Qxc4 29. Rxe8 Rxe8 30. Re5 Rxe5 31. fxe5 Qd5 32. Nf3 Qxd2 33. Nxd2 Kf7 34. Nb3 f4 35. Nc5 Bc6 36. e6+ dxe6 37. Nd3 Kf6 38. Nxf4 Ke5 39. Ne2 g5 40. Kf2 Ke4 41. g3 e5 42. Nc3+ Kd3 43. Nd1 e4 44. Ne3 Bd7 45. Nd5 Be6 46. Ne3 Bd7 47. Nd5 Kd2 48. Ne3 Bb5 49. Nf5 Ba6 50. Ne3 Kc1 51. Nd5 Bb7 52. Nf6 Kd2 53. Ng4 h5 54. Ne3 Kd3 55. Nf1 Bc8 56. Ne3 Be6 57. Nf1 Bh3 58. Ne3 Be6 59. Nf1 Bc4 60. Ne3 Bb5 61. Nf1 Kc2 62. Ne3+ Kd2 63. Nd5 Bd3 64. Ne3 Kc1 65. Nd5 Kd2 66. Ne3 Kc1 67. Nd5 Kd2 68. Ne3 1/2-1/2

[Event "FIDE Women World Rapid 2024"]
[Site "New York"]
[Date "2024.12.27"]
[Round "8.22"]
[White "Mammadzada, Gunay"]
[Black "Cori T., Deysi"]
[Result "1/2-1/2"]
[ECO "C11"]
[WhiteElo "2421"]
[BlackElo "2353"]
[Annotator "ChessBase"]
[PlyCount "113"]
[EventDate "2024.12.14"]
[EventType "swiss"]
[EventCountry "USA"]
[SourceTitle "playchess.com"]
[Source "ChessBase"]
[SourceQuality "1"]
[TimeControl "900+10"]

1. e4 e6 2. d4 d5 3. Nc3 Nf6 4. e5 Nfd7 5. f4 c5 6. Nf3 Nc6 7. Be3 Be7 8. Qd2 O-O 9. dxc5 Nxc5 10. O-O-O Rb8 11. Kb1 b5 12. Bxc5 Bxc5 13. Bd3 f5 14. exf6 Qxf6 15. Ne2 Bd6 16. Ng5 g6 17. h4 h6 18. Nf3 Bxf4 19. Nxf4 Qxf4 20. Qc3 Ne7 21. Rhf1 b4 22. Qc5 Nf5 23. Bxf5 Rxf5 24. Rfe1 Rf8 25. Ne5 Qf6 26. Qxa7 Rb7 27. Qe3 Kg7 28. Qd3 Rc7 29. Ng4 Qf4 30. Ne5 Qf5 31. Qe2 Rf6 32. g4 Qf2 33. Qd3 Qxh4 34. Re2 Qg5 35. Qd4 Kh7 36. Qxb4 Ba6 37. Qb6 Bxe2 38. Qxc7+ Kg8 39. Re1 Qd2 40. Rc1 Qf4 41. Qc3 d4 42. Qc8+ Kg7 43. Qc7+ Kg8 44. Qd8+ Kg7 45. Qe7+ Kg8 46. Qd8+ Kg7 47. Qc7+ Kg8 48. a4 Bxg4 49. Rg1 h5 50. Qc8+ Rf8 51. Qc7 Qe3 52. Rh1 Qe4 53. Rc1 Qf4 54. Re1 Qg3 55. Rc1 Qf4 56. Re1 Qg3 57. Rc1 1/2-1/2

[Event "FIDE Women World Rapid 2024"]
[Site "New York"]
[Date "2024.12.27"]
[Round "8.22"]
[White "Castillo Beitia, Ashley Alexandra"]
[Black "Krasteva, Beloslava"]
[Result "0-1"]
[ECO "E12"]
[WhiteElo "2009"]
[BlackElo "2281"]
[Annotator "ChessBase"]
[PlyCount "118"]
[EventDate "2024.12.14"]
[EventType "swiss"]
[EventCountry "USA"]
[SourceTitle "playchess.com"]
[Source "ChessBase"]
[SourceQuality "1"]
[TimeControl "900+10"]

1. d4 Nf6 2. c4 e6 3. Nf3 b6 4. a3 Bb7 5. Nc3 Ne4 6. Nxe4 Bxe4 7. d5 exd5 8. cxd5 Be7 9. Qd4 Bxf3 10. gxf3 Bf6 11. Qe4+ Kf8 12. Be3 d6 13. Bd4 Nd7 14. Rg1 Nc5 15. Qe3 Rg8 16. Rd1 a5 17. Bh3 a4 18. Bf5 Bxd4 19. Rxd4 Qf6 20. Bxh7 Rh8 21. Bc2 Rxh2 22. Qf4 Qxf4 23. Rxf4 Re8 24. Rfg4 g6 25. Bxa4 Re5 26. Bc2 Rxd5 27. Rg5 Rxg5 28. Rxg5 Rh1+ 29. Kd2 Rf1 30. Rg2 Ne6 31. e3 Ke7 32. f4 Kf6 33. Bb3 Nc5 34. Bd5 Na4 35. Kc2 Re1 36. Bc4 c6 37. Bd3 Nc5 38. Kd2 Ra1 39. f3 Na4 40. Kc2 Re1 41. e4 Nc5 42. Re2 Rxe2+ 43. Bxe2 Ne6 44. Ba6 Nxf4 45. Bb7 c5 46. Kd2 Ke5 47. Ke3 Ne6 48. Bd5 g5 49. b4 f6 50. bxc5 dxc5 51. Bc4 Nd4 52. a4 Nc2+ 53. Kd2 Kd4 54. Bb5 Ne3 55. Ke2 Nc4 56. Kf2 Ne5 57. Ke2 c4 58. Kf2 c3 59. Ke2 Nxf3 0-1

[Event "FIDE Women World Rapid 2024"]
[Site "New York"]
[Date "2024.12.27"]
[Round "8.23"]
[White "Wagner, Dinara"]
[Black "Balajayeva, Khanim"]
[Result "1/2-1/2"]
[ECO "E05"]
[WhiteElo "2437"]
[BlackElo "2362"]
[Annotator "ChessBase"]
[PlyCount "47"]
[EventDate "2024.12.14"]
[EventType "swiss"]
[EventCountry "USA"]
[SourceTitle "playchess.com"]
[Source "ChessBase"]
[SourceQuality "1"]
[TimeControl "900+10"]

1. d4 Nf6 2. c4 e6 3. Nf3 d5 4. g3 Be7 5. Bg2 O-O 6. O-O dxc4 7. Qa4 a6 8. Qxc4 b5 9. Qc2 Bb7 10. Bf4 Bd6 11. Nbd2 Nbd7 12. Nb3 Be4 13. Qc1 Qe7 14. Rd1 Nd5 15. Ne5 Bxg2 16. Kxg2 Nxf4+ 17. gxf4 Bxe5 18. dxe5 c5 19. Rd6 c4 20. Na5 Nc5 21. Qe3 Qc7 22. b4 Nb7 23. Nxb7 Qxb7+ 24. Qf3 1/2-1/2

[Event "FIDE Women World Rapid 2024"]
[Site "New York"]
[Date "2024.12.27"]
[Round "8.23"]
[White "Naisanga Sheba Valentine"]
[Black "Machlik, Monika"]
[Result "0-1"]
[ECO "E11"]
[WhiteElo "1625"]
[BlackElo "2107"]
[Annotator "NA"]
[PlyCount "96"]
[EventDate "2024.12.14"]
[EventType "swiss"]
[EventCountry "USA"]
[SourceTitle "playchess.com"]
[Source "ChessBase"]
[SourceQuality "1"]
[TimeControl "900+10"]

1. d4 Nf6 2. c4 e6 3. g3 Bb4+ 4. Nd2 O-O 5. Ngf3 d6 6. Bg2 Nc6 7. O-O Bxd2 8. Bxd2 e5 9. dxe5 dxe5 10. Bc3 Qe7 11. Qc2 Bg4 12. h3 Bh5 13. Rad1 Bg6 14. Qb3 Rab8 15. Nh4 Be4 16. f3 Bg6 17. Nxg6 hxg6 18. Kh2 Nh5 19. Bd2 Nd4 20. Qe3 Nxg3 21. Rf2 Ngf5 22. Qg5 Qxg5 23. Bxg5 Ne6 24. Bc1 Rfd8 25. Rff1 Nf4 26. e4 Nd4 27. Rd2 Nde2 28. Rfd1 Rxd2 29. Rxd2 Nxc1 30. b3 Nce2 31. Rd7 Nxg2 32. Kxg2 c6 33. Kf2 Nf4 34. h4 Ne6 35. Ke3 Kf8 36. b4 Ke8 37. Rd6 Rd8 38. Rxd8+ Kxd8 39. a3 Nf4 40. Kf2 Kd7 41. Kg3 Ke6 42. Kg4 Nd3 43. Kg5 Ne1 44. f4 exf4 45. Kxf4 Nc2 46. b5 cxb5 47. cxb5 Nxa3 48. e5 Nxb5 0-1

[Event "FIDE Women World Rapid 2024"]
[Site "New York"]
[Date "2024.12.27"]
[Round "8.24"]
[White "Mamedjarova, Zeinab"]
[Black "Sargsyan, Anna M."]
[Result "0-1"]
[ECO "D04"]
[WhiteElo "2145"]
[BlackElo "2361"]
[Annotator "ChessBase"]
[PlyCount "62"]
[EventDate "2024.12.14"]
[EventType "swiss"]
[EventCountry "USA"]
[SourceTitle "playchess.com"]
[Source "ChessBase"]
[SourceQuality "1"]
[TimeControl "900+10"]

1. d4 Nf6 2. Nf3 d5 3. e3 c6 4. Be2 Bf5 5. O-O e6 6. b3 Bd6 7. Bb2 Nbd7 8. Nbd2 Qb8 9. h3 h6 10. Bd3 O-O 11. Qe2 Ne4 12. c4 Bh7 13. Bxe4 dxe4 14. Ne1 e5 15. c5 Bc7 16. Nc4 exd4 17. Bxd4 b5 18. cxb6 axb6 19. Bxg7 Kxg7 20. Qg4+ Bg6 21. Qxd7 b5 22. Nb2 Bh2+ 23. Kh1 Be5 24. Qd2 Qd8 25. Rd1 Qf6 26. Rb1 Rxa2 27. f4 exf3 28. Rxf3 Qd8 29. Qxd8 Rxd8 30. Rd1 Rxd1 31. Nxd1 Ra1 0-1

[Event "FIDE Women World Rapid 2024"]
[Site "New York"]
[Date "2024.12.27"]
[Round "8.24"]
[White "Sevcikova, Lucia"]
[Black "Kaldarova, Ayaulym"]
[Result "1-0"]
[ECO "A40"]
[WhiteElo "2060"]
[BlackElo "2144"]
[Annotator "ChessBase"]
[PlyCount "73"]
[EventDate "2024.12.14"]
[EventType "swiss"]
[EventCountry "USA"]
[SourceTitle "playchess.com"]
[Source "ChessBase"]
[SourceQuality "1"]
[TimeControl "900+10"]

1. d4 e6 2. c4 b6 3. Nc3 Bb7 4. e4 Bb4 5. Bd3 f5 6. d5 fxe4 7. Bxe4 Nf6 8. Bf3 O-O 9. dxe6 Bxf3 10. Nxf3 dxe6 11. Qe2 Bxc3+ 12. bxc3 Qe7 13. O-O Nbd7 14. Nd4 Rae8 15. Nc6 Qc5 16. Nxa7 c6 17. a4 Qd6 18. a5 bxa5 19. Ba3 c5 20. Nb5 Qc6 21. Rad1 e5 22. Rd6 Qc8 23. Rfd1 e4 24. R6d2 Re5 25. Bc1 Qe8 26. Rd6 Qf7 27. Bf4 Re7 28. Bg3 a4 29. Ra6 Ne5 30. Bxe5 Rxe5 31. Rxa4 Qg6 32. Nc7 Rg5 33. g3 Ng4 34. Ra2 Nxf2 35. Nd5 Kh8 36. Qxf2 Rxf2 37. Ra8+ 1-0

[Event "FIDE Women World Rapid 2024"]
[Site "New York"]
[Date "2024.12.27"]
[Round "8.25"]
[White "Abrahamyan, Tatev"]
[Black "Kurmangaliyeva, Liya"]
[Result "1/2-1/2"]
[ECO "B30"]
[WhiteElo "2304"]
[BlackElo "2266"]
[Annotator "ChessBase"]
[PlyCount "104"]
[EventDate "2024.12.14"]
[EventType "swiss"]
[EventCountry "USA"]
[SourceTitle "playchess.com"]
[Source "ChessBase"]
[SourceQuality "1"]
[TimeControl "900+10"]

1. e4 c5 2. Nf3 Nc6 3. Bb5 e6 4. b3 Nge7 5. Bb2 a6 6. Bxc6 Nxc6 7. e5 b5 8. d3 Bb7 9. Nbd2 Be7 10. Ne4 Qc7 11. Qe2 h6 12. h4 O-O-O 13. O-O-O Qa5 14. Kb1 Kb8 15. c4 Ka8 16. cxb5 axb5 17. Rc1 Rc8 18. Nd6 Bxd6 19. exd6 f6 20. a3 Qb6 21. Qe3 Na7 22. b4 Qxd6 23. bxc5 Qd5 24. h5 Nc6 25. Rh4 e5 26. Rg4 Rhg8 27. Nd2 Ba6 28. Ka1 Rb8 29. Qe4 Qe6 30. Rg6 Ka7 31. f4 exf4 32. Qxf4 Qd5 33. Qf3 Qe6 34. Qg4 Qf7 35. Bc3 Rbe8 36. Ne4 Qd5 37. Nd6 Re7 38. Bb2 b4 39. Qf3 Qxf3 40. gxf3 Bxd3 41. Rg3 Re2 42. Bxf6 bxa3 43. Bc3 Rh2 44. f4 Ba6 45. Be1 Nd4 46. Rxa3 Nc2+ 47. Rxc2 Rxc2 48. Bc3 Rb8 49. Bd4 Rc1+ 50. Ka2 Rc2+ 51. Ka1 Rc1+ 52. Ka2 Rc2+ 1/2-1/2

[Event "FIDE Women World Rapid 2024"]
[Site "New York"]
[Date "2024.12.27"]
[Round "8.25"]
[White "Berezovsky, Fiorina"]
[Black "Lu, Miaoyi"]
[Result "0-1"]
[ECO "D38"]
[WhiteElo "1796"]
[BlackElo "2441"]
[Annotator "ChessBase"]
[PlyCount "92"]
[EventDate "2024.12.14"]
[EventType "swiss"]
[EventCountry "USA"]
[SourceTitle "playchess.com"]
[Source "ChessBase"]
[SourceQuality "1"]
[TimeControl "900+10"]

1. c4 Nf6 2. Nc3 e6 3. d4 Bb4 4. Nf3 d5 5. cxd5 exd5 6. Bg5 h6 7. Bh4 O-O 8. Qb3 c5 9. a3 Bxc3+ 10. bxc3 c4 11. Qc2 g5 12. Bg3 Ne4 13. Rc1 Bf5 14. Qb2 Nc6 15. Nd2 Nxd2 16. Qxd2 Na5 17. Qb2 Qb6 18. Qxb6 axb6 19. Bd6 Rfd8 20. Bb4 Nb3 21. Rd1 Bc2 22. Rd2 Nxd2 23. Kxd2 Be4 24. f3 Bg6 25. h4 Re8 26. h5 Bh7 27. g3 g4 28. f4 Re6 29. Bg2 Rae8 30. Bf1 f6 31. Rg1 Re3 32. Kd1 Kf7 33. Kd2 Bf5 34. Rg2 Bd7 35. Rg1 R8e4 36. Ke1 Ke6 37. Kf2 Ba4 38. Rg2 Kf5 39. Ke1 Be8 40. Rh2 Rxg3 41. Bg2 Rxf4 42. Bxd5 Rg1+ 43. Kd2 g3 44. Rh3 Kg4 45. Be6+ f5 46. Bd6 Rff1 0-1

[Event "FIDE Women World Rapid 2024"]
[Site "New York"]
[Date "2024.12.27"]
[Round "8.26"]
[White "Toncheva, Nadya"]
[Black "Dzagnidze, Nana"]
[Result "1/2-1/2"]
[ECO "B22"]
[WhiteElo "2298"]
[BlackElo "2518"]
[Annotator "ChessBase"]
[PlyCount "123"]
[EventDate "2024.12.14"]
[EventType "swiss"]
[EventCountry "USA"]
[SourceTitle "playchess.com"]
[Source "ChessBase"]
[SourceQuality "1"]
[TimeControl "900+10"]

1. e4 c5 2. c3 Nf6 3. e5 Nd5 4. Nf3 Nc6 5. Bc4 Nb6 6. Bb3 d5 7. exd6 Qxd6 8. O-O Be6 9. Bxe6 Qxe6 10. a4 Qd7 11. a5 Nd5 12. d4 cxd4 13. Nxd4 e6 14. a6 b6 15. Nxc6 Qxc6 16. Qg4 h5 17. Qe2 Be7 18. Na3 Bxa3 19. Rxa3 Rc8 20. Rd1 h4 21. h3 g6 22. Qe4 Rh5 23. Ra4 Kf8 24. Rad4 b5 25. Qf3 Qxa6 26. Rg4 Kg7 27. Rdd4 Rc4 28. Qd1 Rxd4 29. Qxd4+ Kg8 30. Bg5 Qa1+ 31. Kh2 Qxb2 32. Qxa7 Qxc3 33. Bxh4 Qc7+ 34. Qxc7 Nxc7 35. Bf6 Rf5 36. Bd4 Nd5 37. Kg3 Kf8 38. Re4 Ke7 39. Bc5+ Kd7 40. Bf8 Kc6 41. f3 Nf6 42. Rb4 Nd7 43. Be7 Nb6 44. Bf8 Nc4 45. Kf2 Rd5 46. g4 Rd3 47. Kg3 Ne5 48. Rf4 f5 49. gxf5 exf5 50. Be7 Kd5 51. h4 Ke6 52. Bf8 Nc4 53. Bc5 Ne5 54. Bf8 Rb3 55. Kg2 Rb2+ 56. Kg3 Rd2 57. Bb4 Rc2 58. Bf8 Nc6 59. Ba3 Rc3 60. Bf8 Rd3 61. Bc5 Ne5 62. Bf8 1/2-1/2

[Event "FIDE Women World Rapid 2024"]
[Site "New York"]
[Date "2024.12.27"]
[Round "8.26"]
[White "Durrfeld, Sofie Bech"]
[Black "Derlich, Sarah Sima"]
[Result "0-1"]
[ECO "B23"]
[WhiteElo "1952"]
[BlackElo "1861"]
[Annotator "NA"]
[PlyCount "92"]
[EventDate "2024.12.14"]
[EventType "swiss"]
[EventCountry "USA"]
[SourceTitle "playchess.com"]
[Source "ChessBase"]
[SourceQuality "1"]
[TimeControl "900+10"]

1. e4 c5 2. Nc3 Nc6 3. Bb5 g6 4. Bxc6 dxc6 5. d3 Bg7 6. Be3 Bd4 7. Qd2 Nf6 8. h3 h5 9. Nf3 b6 10. Rb1 a5 11. Ne2 Bxe3 12. Qxe3 Ba6 13. Nf4 Qc7 14. Ng5 h4 15. e5 Nd5 16. Nxd5 cxd5 17. e6 f6 18. Nf7 Rh5 19. c4 Bb7 20. Rd1 d4 21. Qe2 Qf4 22. Qg4 Qxg4 23. hxg4 Rh7 24. g5 Bxg2 25. Rh2 Bf3 26. Rd2 Bg4 27. gxf6 exf6 28. Nd6+ Ke7 29. Nb5 Kxe6 30. f4 Rd8 31. Kf2 Kf5 32. Kg1 Kxf4 33. Rhf2+ Kg5 34. Kh2 f5 35. Rg2 f4 36. Rdf2 Re7 37. a3 a4 38. Rd2 Rdd7 39. Rdf2 Re3 40. Rd2 f3 41. Rgf2 Kf4 42. Rf1 Bf5 43. Rfd1 g5 44. b4 axb3 45. a4 Re2+ 46. Kg1 Ke3 0-1

[Event "FIDE Women World Rapid 2024"]
[Site "New York"]
[Date "2024.12.27"]
[Round "8.27"]
[White "Narva, Mai"]
[Black "Padmini, Rout"]
[Result "0-1"]
[ECO "B85"]
[WhiteElo "2413"]
[BlackElo "2339"]
[Annotator "ChessBase"]
[PlyCount "152"]
[EventDate "2024.12.14"]
[EventType "swiss"]
[EventCountry "USA"]
[SourceTitle "playchess.com"]
[Source "ChessBase"]
[SourceQuality "1"]
[TimeControl "900+10"]

1. e4 c5 2. Nf3 e6 3. d4 cxd4 4. Nxd4 Nc6 5. Nc3 Qc7 6. Be3 a6 7. Be2 Nf6 8. O-O Be7 9. f4 d6 10. Qe1 O-O 11. Qg3 Bd7 12. Kh1 Nxd4 13. Bxd4 Bc6 14. Rae1 b5 15. a3 Qb7 16. Bd3 Rad8 17. Qh3 h6 18. Re3 Kh8 19. e5 dxe5 20. Bxe5 Ng8 21. Rg3 f6 22. Qg4 Bc5 23. Qg6 Rxd3 24. Qxd3 fxe5 25. fxe5 Rxf1+ 26. Qxf1 Bd4 27. Qf4 Bxc3 28. bxc3 Kh7 29. h3 Be4 30. Qg4 Bf5 31. Qb4 Ne7 32. c4 Nc6 33. Qc5 bxc4 34. Qxc4 Nxe5 35. Qd4 Ng6 36. c4 e5 37. Qd6 Be4 38. Kh2 Qf7 39. c5 h5 40. Qd2 Qf6 41. Qe3 Bc6 42. Rg5 h4 43. Rh5+ Kg8 44. Qb3+ Kf8 45. Qb8+ Be8 46. c6 Qf4+ 47. Kh1 Qc1+ 48. Kh2 Qf4+ 49. Kh1 Qc1+ 50. Kh2 Qxc6 51. Rf5+ Ke7 52. Rf2 e4 53. Qa7+ Bd7 54. Rd2 Ne5 55. Qd4 Kf6 56. Rf2+ Ke6 57. Re2 Qd5 58. Qf2 g5 59. Qf8 Bc6 60. Qg8+ Kf6 61. Qh7 e3 62. Qc2 Nc4 63. Kg1 Qd4 64. Kh2 Be4 65. Qa4 Qd6+ 66. Kg1 Bd3 67. Re1 e2 68. Qe8 Ne5 69. Qh8+ Kf5 70. Qc8+ Qe6 71. Qf8+ Kg6 72. Kh2 Qf6 73. Qg8+ Kh6 74. Kg1 Qf1+ 75. Kh2 Nf3+ 76. gxf3 Qf2+ 0-1

[Event "FIDE Women World Rapid 2024"]
[Site "New York"]
[Date "2024.12.27"]
[Round "8.27"]
[White "Lyutsinger, Iren"]
[Black "Stanford, Sheila Barth"]
[Result "1-0"]
[ECO "A00"]
[WhiteElo "2150"]
[BlackElo "2198"]
[Annotator "ChessBase"]
[PlyCount "21"]
[EventDate "2024.12.14"]
[EventType "swiss"]
[EventCountry "USA"]
[SourceTitle "playchess.com"]
[Source "ChessBase"]
[SourceQuality "1"]
[TimeControl "900+10"]

1. e4 g6 2. d4 Bg7 3. Nc3 d5 4. Nf3 dxe4 5. Nxe4 Bg4 6. Bc4 e6 7. O-O Bxf3 8. Qxf3 Qxd4 9. Bb5+ Ke7 10. Be3 Qd5 11. Bc5+ 1-0

[Event "FIDE Women World Rapid 2024"]
[Site "New York"]
[Date "2024.12.27"]
[Round "8.28"]
[White "Berezovska, Svetlana"]
[Black "Noshin, Anjum"]
[Result "0-1"]
[ECO "C50"]
[WhiteElo "1857"]
[BlackElo "2029"]
[Annotator "ChessBase"]
[PlyCount "94"]
[EventDate "2024.12.14"]
[EventType "swiss"]
[EventCountry "USA"]
[SourceTitle "playchess.com"]
[Source "ChessBase"]
[SourceQuality "1"]
[TimeControl "900+10"]

1. e4 e5 2. Nf3 Nc6 3. Bc4 Nf6 4. d3 Bc5 5. O-O d6 6. Bg5 h6 7. Bh4 g5 8. Bg3 Bg4 9. c3 Bb6 10. Nbd2 Qe7 11. b4 Nh5 12. a4 a5 13. Qb3 axb4 14. cxb4 Nxg3 15. hxg3 Nd4 16. Nxd4 Bxd4 17. Rac1 O-O 18. Qc2 c6 19. Nf3 Bxf3 20. gxf3 d5 21. exd5 cxd5 22. Bxd5 Qd7 23. Bc4 Qh3 24. Qe2 Qxg3+ 25. Kh1 Qh3+ 26. Kg1 Rxa4 27. b5 Rb4 28. Rc2 b6 29. Qe4 Qg3+ 30. Kh1 Qh3+ 31. Kg1 Kg7 32. Qg4 Qxg4+ 33. fxg4 f5 34. gxf5 Rxf5 35. Be6 Rf4 36. Rc7+ Kg6 37. Bc4 Rb2 38. Rc6+ Kg7 39. Rc7+ Kg6 40. Rc6+ Kh5 41. Bd5 Rfxf2 42. Rxf2 Rxf2 43. Kh1 Rf4 44. Be4 Rf2 45. Bg6+ Kh4 46. Be4 Kg3 47. Rc1 Rh2# 0-1